[ AOE2 MATCH · #506442720 ]
UnrankedDravidians vs Tatars
Player's team · WIN
Rival team · LOSS
[ REPLAY ANALYSIS · EXTRACTED FROM THE RECORDED GAME ]
Feudal
8:50
Castle
—
Imperial
—
| APM avg | 63.6 |
| APM peak | 100 |
| eAPM avg | 23.8 |
| Villagers / military | 42 / 34 |
Focus
⚔️ 37.7% · 🌾 62.3%
Archer ×21 · Skirmisher ×12 · Scout Cavalry ×1
Feudal
10:08
Castle
—
Imperial
—
| APM avg | 63.4 |
| APM peak | 86 |
| eAPM avg | 22.9 |
| Villagers / military | 40 / 25 |
Focus
⚔️ 24.5% · 🌾 75.5%
Archer ×16 · Skirmisher ×6 · Militia ×3
Match map
Initial resources + every placement click. Lines = walls · curves = elevation contours. ◆ gold · ⬟ stone · ● berries · ✦ relic · ◌ wall gap
Your base· Open — unwalled flank
Penntuete's base· Open — unwalled flank
Smoothed initial terrain · ◌ = detected wall gap · hover for details
Inputs per minute
— Madeen - - Penntuete
Build order — Madeen
134 actions detected in the replay
| 0:00 | Queue | Villager (Male) |
| 0:01 | Queue | Villager (Male) |
| 0:01 | Queue | Villager (Male) |
| 0:02 | Build | House |
| 0:03 | Build | House |
| 0:17 | Queue | Villager (Male) |
| 0:17 | Queue | Villager (Male) |
| 1:27 | Queue | Villager (Male) |
| 1:53 | Build | Lumber Camp |
| 2:01 | Queue | Villager (Male) |
| 2:01 | Queue | Villager (Male) |
| 2:12 | Queue | Villager (Male) |
| 2:41 | Queue | Villager (Male) |
| 2:58 | Queue | Villager (Male) |
| 2:58 | Queue | Villager (Male) |
| 3:00 | Build | House |
| 3:03 | Build | House |
| 3:43 | Queue | Villager (Male) |
| 3:43 | Queue | Villager (Male) |
| 3:59 | Queue | Villager (Male) |
| 4:40 | Queue | Villager (Male) |
| 5:06 | Queue | Villager (Male) |
| 5:26 | Queue | Villager (Male) |
| 5:37 | Research | Loom |
| 5:53 | Build | Mining Camp |
| 6:40 | Research | Feudal Age |
| 7:30 | Build | Barracks |
| 7:35 | Build | Barracks |
| 7:55 | Queue | Villager (Male) |
| 8:05 | Queue | Villager (Male) |
| 8:10 | Build | House |
| 8:33 | Build | Palisade Wall |
| 8:42 | Build | Palisade Wall |
| 8:44 | Build | Palisade Wall |
| 8:47 | Build | Palisade Wall |
| 8:50 | Age | Feudal Age |
| 8:52 | Build | Palisade Wall |
| 8:55 | Build | Archery Range |
| 8:57 | Build | Archery Range |
| 9:29 | Queue | Villager (Male) |
| 9:43 | Queue | Villager (Male) |
| 9:47 | Build | House |
| 10:01 | Queue | Archer |
| 10:02 | Queue | Archer |
| 10:06 | Build | House |
| 10:07 | Build | Palisade Wall |
| 10:15 | Build | Mill |
| 10:16 | Queue | Villager (Male) |
| 10:27 | Queue | Archer |
| 10:27 | Queue | Archer |
| 10:34 | Queue | Villager (Male) |
| 10:37 | Queue | Archer |
| 10:55 | Queue | Villager (Male) |
| 10:58 | Queue | Archer |
| 11:01 | Build | Farm |
| 11:05 | Build | Farm |
| 11:05 | Build | Farm |
| 11:09 | Build | Farm |
| 11:13 | Queue | Villager (Male) |
| 11:14 | Queue | Archer |
| 11:21 | Build | Farm |
| 11:43 | Queue | Villager (Male) |
| 11:50 | Queue | Archer |
| 11:50 | Queue | Archer |
| 11:55 | Queue | Villager (Male) |
| 11:56 | Build | House |
| 12:01 | Build | House |
| 12:02 | Build | Palisade Wall |
| 12:07 | Build | Palisade Wall |
| 12:12 | Queue | Archer |
| 12:12 | Queue | Archer |
| 12:29 | Queue | Villager (Male) |
| 12:31 | Build | Farm |
| 12:36 | Queue | Archer |
| 13:02 | Queue | Archer |
| 13:03 | Queue | Archer |
| 13:12 | Build | Farm |
| 13:13 | Queue | Villager (Male) |
| 13:17 | Build | Farm |
| 13:17 | Queue | Villager (Male) |
| 13:17 | Queue | Villager (Male) |
| 13:25 | Queue | Archer |
| 13:26 | Queue | Archer |
| 13:41 | Research | Double-Bit Axe |
| 14:02 | Queue | Villager (Male) |
| 14:03 | Queue | Archer |
| 14:03 | Queue | Archer |
| 14:15 | Queue | Villager (Male) |
| 14:26 | Queue | Archer |
| 14:27 | Queue | Archer |
| 14:36 | Build | Lumber Camp |
| 14:53 | Queue | Skirmisher |
| 14:53 | Queue | Skirmisher |
| 14:54 | Queue | Villager (Male) |
| 14:54 | Queue | Villager (Male) |
| 15:01 | Build | House |
| 15:08 | Queue | Archer |
| 15:42 | Queue | Skirmisher |
| 15:42 | Queue | Skirmisher |
| 15:49 | Build | House |
| 15:54 | Queue | Villager (Male) |
| 15:57 | Research | Wheelbarrow |
| 16:09 | Queue | Skirmisher |
| 16:09 | Queue | Skirmisher |
| 16:14 | Build | House |
| 16:36 | Build | Blacksmith |
| 16:43 | Queue | Skirmisher |
| 16:44 | Queue | Skirmisher |
| 16:48 | Build | House |
| 16:58 | Queue | Villager (Male) |
| 17:02 | Build | Stable |
| 17:07 | Build | Farm |
| 17:11 | Build | Farm |
| 17:16 | Queue | Villager (Male) |
| 17:26 | Research | Fletching |
| 18:10 | Queue | Villager (Male) |
| 18:13 | Build | House |
| 18:14 | Queue | Villager (Male) |
| 18:16 | Build | Farm |
| 18:16 | Build | Farm |
| 18:16 | Build | Farm |
| 18:16 | Build | Farm |
| 18:17 | Build | Farm |
| 18:17 | Build | Farm |
| 18:17 | Build | Farm |
| 18:25 | Queue | Skirmisher |
| 18:25 | Queue | Skirmisher |
| 18:28 | Queue | Scout Cavalry |
| 18:40 | Build | Palisade Wall |
| 18:57 | Build | House |
| 19:05 | Queue | Skirmisher |
| 19:05 | Queue | Skirmisher |
| 19:07 | Queue | Villager (Male) |
| 19:09 | Build | Farm |
Build order — Penntuete
118 actions detected in the replay
| 0:00 | Queue | Villager (Male) |
| 0:01 | Build | House |
| 0:02 | Build | House |
| 0:14 | Queue | Villager (Male) |
| 0:14 | Queue | Villager (Male) |
| 0:16 | Queue | Villager (Male) |
| 0:17 | Queue | Villager (Male) |
| 1:26 | Queue | Villager (Male) |
| 1:47 | Queue | Villager (Male) |
| 1:48 | Queue | Villager (Male) |
| 1:51 | Build | Lumber Camp |
| 2:20 | Queue | Villager (Male) |
| 2:49 | Queue | Villager (Male) |
| 2:49 | Queue | Villager (Male) |
| 3:00 | Queue | Villager (Male) |
| 3:30 | Build | House |
| 3:35 | Queue | Villager (Male) |
| 4:00 | Queue | Villager (Male) |
| 4:18 | Queue | Villager (Male) |
| 4:43 | Build | Barracks |
| 4:57 | Queue | Villager (Male) |
| 5:15 | Build | House |
| 5:22 | Queue | Villager (Male) |
| 5:35 | Queue | Militia |
| 5:46 | Queue | Villager (Male) |
| 5:51 | Queue | Militia |
| 6:07 | Queue | Villager (Male) |
| 6:12 | Queue | Militia |
| 6:30 | Build | Mill |
| 6:40 | Queue | Villager (Male) |
| 7:04 | Queue | Villager (Male) |
| 7:05 | Research | Loom |
| 7:58 | Research | Feudal Age |
| 8:09 | Build | Lumber Camp |
| 8:50 | Build | Mining Camp |
| 10:08 | Age | Feudal Age |
| 10:10 | Build | Archery Range |
| 10:11 | Queue | Villager (Male) |
| 10:15 | Build | Archery Range |
| 10:25 | Queue | Villager (Male) |
| 10:32 | Research | Double-Bit Axe |
| 10:34 | Queue | Villager (Male) |
| 10:49 | Build | Palisade Wall |
| 10:52 | Queue | Archer |
| 11:08 | Build | House |
| 11:16 | Queue | Villager (Male) |
| 11:18 | Queue | Archer |
| 11:25 | Build | House |
| 11:29 | Build | House |
| 11:31 | Build | Palisade Wall |
| 11:34 | Build | Palisade Wall |
| 11:40 | Queue | Archer |
| 11:40 | Queue | Archer |
| 11:41 | Queue | Villager (Male) |
| 11:51 | Build | House |
| 11:52 | Queue | Archer |
| 12:02 | Queue | Villager (Male) |
| 12:15 | Queue | Archer |
| 13:02 | Queue | Skirmisher |
| 13:02 | Queue | Skirmisher |
| 13:11 | Queue | Villager (Male) |
| 13:15 | Build | Blacksmith |
| 13:22 | Queue | Skirmisher |
| 13:23 | Queue | Skirmisher |
| 13:40 | Research | Fletching |
| 13:46 | Queue | Villager (Male) |
| 14:03 | Build | Farm |
| 14:06 | Queue | Archer |
| 14:06 | Queue | Archer |
| 14:16 | Queue | Villager (Male) |
| 14:17 | Build | Farm |
| 14:29 | Queue | Villager (Male) |
| 14:42 | Queue | Skirmisher |
| 14:46 | Build | Farm |
| 14:47 | Build | Farm |
| 14:57 | Build | Palisade Wall |
| 15:02 | Queue | Skirmisher |
| 15:04 | Queue | Villager (Male) |
| 15:11 | Build | House |
| 15:19 | Build | Palisade Wall |
| 15:23 | Queue | Villager (Male) |
| 15:24 | Queue | Archer |
| 15:24 | Queue | Archer |
| 15:35 | Build | House |
| 15:43 | Queue | Archer |
| 15:44 | Queue | Villager (Male) |
| 15:49 | Research | Padded Archer Armor |
| 15:57 | Queue | Archer |
| 16:08 | Build | Farm |
| 16:08 | Build | Farm |
| 16:08 | Build | Farm |
| 16:09 | Build | Farm |
| 16:14 | Queue | Archer |
| 16:21 | Queue | Villager (Male) |
| 16:37 | Queue | Villager (Male) |
| 16:44 | Queue | Archer |
| 16:45 | Queue | Archer |
| 16:46 | Queue | Villager (Male) |
| 16:49 | Build | Farm |
| 16:50 | Build | Farm |
| 16:50 | Build | Farm |
| 16:50 | Build | Farm |
| 17:02 | Queue | Archer |
| 17:17 | Research | Wheelbarrow |
| 17:19 | Build | House |
| 17:48 | Queue | Villager (Male) |
| 17:50 | Build | Farm |
| 17:50 | Build | Farm |
| 17:51 | Build | Farm |
| 18:16 | Queue | Villager (Male) |
| 18:23 | Build | Farm |
| 18:32 | Build | Farm |
| 19:01 | Queue | Villager (Male) |
| 19:04 | Build | Farm |
| 19:04 | Build | Farm |
| 19:05 | Build | Farm |
| 19:05 | Build | Farm |
| 19:05 | Build | Farm |
Match timeline
| 4:43 | Penntuete · first_building Barracks |
| 7:30 | Madeen · first_building Barracks |
| 8:33 | Madeen · wall_segment Palisade Wall x1 |
| 8:42 | Madeen · wall_segment Palisade Wall x1 |
| 8:44 | Madeen · wall_segment Palisade Wall x1 |
| 8:47 | Madeen · wall_segment Palisade Wall x1 |
| 8:50 | Madeen · age_up feudal |
| 8:52 | Madeen · wall_segment Palisade Wall x1 |
| 8:55 | Madeen · first_building Archery Range |
| 10:07 | Madeen · wall_segment Palisade Wall x4 |
| 10:08 | Penntuete · age_up feudal |
| 10:10 | Penntuete · first_building Archery Range |
| 10:49 | Penntuete · wall_segment Palisade Wall x6 |
| 11:31 | Penntuete · wall_segment Palisade Wall x1 |
| 11:34 | Penntuete · wall_segment Palisade Wall x1 |
| 12:02 | Madeen · wall_segment Palisade Wall x6 |
| 12:07 | Madeen · wall_segment Palisade Wall x1 |
| 14:57 | Penntuete · wall_segment Palisade Wall x9 |
| 15:19 | Penntuete · wall_segment Palisade Wall x1 |
| 17:02 | Madeen · first_building Stable |
| 18:40 | Madeen · wall_segment Palisade Wall x1 |
| 19:11 | Penntuete · resign |
[ AI ANALYSIS · 1 CREDIT ]
What really happened in this match?
Wolo.gg analyzes every decision: build order, eco, micro, common mistakes by bracket. Personalized analysis on WhatsApp or Discord in 30 seconds.
Civ guide
Dravidians
Perfil
Jugador #259958